 Dungeon Crawl Stone Soup version 0.26-a0-542-gbaa144ba5c (webtiles) character file.

Game seed: 9563688329999886768

20 Descartes the Skirmisher (level 2, -1/15 HPs)
             Began as a Felid Wanderer on Aug 18, 2020.
             Slain by Jessica
             ... wielding a +0 dagger
              (4 damage)
             ... on level 1 of the Dungeon.
             The game lasted 00:02:08 (1286 turns).

Descartes the Skirmisher (Felid Wanderer)           Turns: 1286, Time: 00:02:08

Health: -1/15      AC:  1    Str:  7    XL:     2   Next: 58%
Magic:  2/4        EV: 16    Int: 14    God:
Gold:   16         SH:  0    Dex: 15    Spells: 1/3 levels left
                                        Lives:  0   Deaths: 0

rFire    . . .     SeeInvis +     - Unarmed
rCold    . . .     Faith    .   (shield unavailable)
rNeg     . . .     Spirit   .   (armour unavailable)
rPois    .         Reflect  .   (helmet unavailable)
rElec    .         Harm     .   (cloak unavailable)
rCorr    .                      (gloves unavailable)
MR       .....                  (boots unavailable)
Stlth    ++........             (no amulet)
HPRegen  0.05/turn              (no ring)
MPRegen  0.09/turn              (no ring)

@: appendages (expiring), quick
A: very small, no armour, no weapons or thrown items, stealth, claws 1, fangs 3,
horns 2, see invisible, speed 1, shaggy fur 1, sharp paws
a: End Transformation


You were on level 1 of the Dungeon.
You had grown temporary horns.
You visited 1 branch of the dungeon, and saw 2 of its levels.

You collected 16 gold pieces.

Inventory:

Missiles
 a - 23 stones
 e - 14 arrows
Jewellery
 c - an uncursed ring of resist corrosion {unknown}
Scrolls
 d - a scroll of identify {unknown}
 g - a scroll of remove curse {unknown}
Potions
 b - a potion of lignification
 f - a potion of curing {unknown}


   Skills:
 - Level 4.0 Fighting
 + Level 1.1 Dodging
 + Level 2.1 Stealth
 + Level 1.4 Unarmed Combat
 - Level 1.0 Spellcasting
   Level 1.0 Summonings
 * Level 2.0 Transmutations
   Level 1.1 Evocations


You had one spell level left.
You knew the following spells:

 Your Spells              Type           Power        Failure   Level
a - Beastly Appendage     Tmut           #.....       12%         1
b - Magic Dart            Conj           #...         26%         1

Your spell library contained the following spells:

 Spells                   Type           Power        Failure   Level
 Call Imp                 Summ           #.......     26%         2
 Blink                    Tloc           N/A          36%         2
 Slow                     Hex            #.......     36%         2
 Ignite Poison            Fire/Tmut/Pois #.......     52%         3
 Conjure Flame            Conj/Fire      #.......     61%         3
 Mephitic Cloud           Conj/Pois/Air  #.......     61%         3


Dungeon Overview and Level Annotations

Branches:
Dungeon (2/15)

Altars:

Annotations:
D:1 Jessica


Innate Abilities, Weirdness & Mutations

You cannot wear armour.
You are incapable of wielding weapons or throwing items.
Your paws allow you to move quietly. (Stealth)
You have sharp claws.
You have razor-sharp teeth.
You have supernaturally acute eyesight. (SInv)
You cover ground quickly.
You are covered in fur. (AC +1)
Your sharp claws are effective at attacking unaware monsters.
You have a pair of horns on your head.


Message History

Jessica gestures wildly while chanting.
Jessica blinks!
Jessica gestures wildly while chanting.
Jessica blinks!
You see here a giant cockroach corpse.
Casting: Beastly Appendage (safe; 12% risk of failure)
Confirm with . or Enter, or press ? or * to list all spells.
You extend your transformation's duration.
Jessica casts a spell at you. Pain shoots through your body!
Ouch! That really hurt!
You closely miss Jessica.
Jessica is heavily wounded.
Jessica hits you with a +0 dagger.
* * * LOW HITPOINT WARNING * * *
You scratch Jessica but do no damage. You headbutt Jessica.
Jessica is severely wounded.
Your transformation is almost over.
Jessica hits you with a +0 dagger.
You die...

#......#######
#...#.#.# ##.#####
#.....#.#
####.##########
#...###.#
#......#......#
##......#
#.##.#.#....#.#
#.######
#.##.#.#..#...# #.#
#.##.....###..######.#
#.####.#..#@.........#
#......#..@...########
########>†....#
########


You could see Jessica (fast).

Vanquished Creatures
  An ooze (D:1)
  A dart slug (D:1)
  A leopard gecko (D:1)
  A giant cockroach (D:1)
  3 goblins (D:1)
  2 hobgoblins (D:1)
  2 frilled lizards (D:1)
  A kobold (D:1)
12 creatures vanquished.

Notes
Turn   | Place    | Note
-------+----------+-------------------------------------------
     0 | D:1      | Descartes the Felid Wanderer began the quest for the Orb.
     0 | D:1      | Descartes set off with the following items: a potion of
                  | lignification; and the following spells available to
                  | memorise: Beastly Appendage, Magic Dart, Call Imp, Blink,
                  | Slow, Ignite Poison, Conjure Flame, Mephitic Cloud
     0 | D:1      | Reached XP level 1. HP: 11/11 MP: 3/3
     2 | D:1      | Learned a level 1 spell: Beastly Appendage
     4 | D:1      | Learned a level 1 spell: Magic Dart
   385 | D:1      | Reached XP level 2. HP: 13/15 MP: 2/4
   749 | D:1      | Reached skill level 1 in Dodging
  1164 | D:2      | Noticed Jessica
  1286 | D:1      | Slain by Jessica

Illustrated notes

Levels and vault maps discovered:
D:1:      heliophobic_arrival_henge, layout_loops_cross
D:2:      layout_basic, uniq_sigmund, uniq_jessica

Skill      XL: |  1  2 |
---------------+-------+-----
Dodging        | 1 |  1.1
Stealth        | 2 |  2.1
Transmutations | 2 |  2.0
Fighting       | |  4.0
Unarmed Combat | |  1.4
Spellcasting   | |  1.0
Summonings     | |  1.0
Evocations     | |  1.1

Action                   || total
-------------------------++-------
Melee: Unarmed           ||    51
       Headbutt          ||     6
       Bite              ||     3
 Cast: Beastly Appendage ||    13
 Stab: Sleeping          ||     1
Armor: Skin              ||     1
Dodge: Dodged            ||    27

Table legend: (Time is in decaauts)
 A = Elapsed time spent in this place.
 B = Non-inter-level travel time spent in this place.
 C = Inter-level travel time spent in this place.
 D = Time resting spent in this place.
 E = Time spent auto-exploring this place.
 F = Levels seen in this place.
 G = Mean time per level.
                   A        B        C        D        E       F      G
               +--------+--------+--------+--------+--------+-----+--------+
         Total |   1182 |   1173 |      9 |     89 |    963 |   2 |  591.0 |
       Dungeon |   1182 |   1173 |      9 |     89 |    963 |   2 |  591.0 |
               +--------+--------+--------+--------+--------+-----+--------+

Top non-repeatable levels by time:
     D:1: 1174 daAuts
     D:2: 7 daAuts
